Sabres vs Kings
Created - January 11, 2024 at 19:50
Goals
|
| Sabres |
0 |
1 |
0 |
1 |
| Kings |
1 |
0 |
1 |
2 |
|
Shots
|
| Sabres |
8 |
21 |
8 |
37 |
| Kings |
16 |
5 |
11 |
32 |
|
1st period
1. Kings , Zac Rinaldo 2 (Kevin Shattenkirk 17, Sam Bennett 13) at 8:56
Penalties :
Nikita Zaitsev (Buf) for Tripping (Minor) at 9:41, Ryan Kesler (Buf) for High sticking (Double Minor) at 15:21
2nd period
2. Sabres , Sidney Crosby 15 (Robby Fabbri 3, Tyler Johnson 25) at 0:56 (PP)
Penalties :
Adam Fox (L.A) for Holding (Minor) at 0:46, Tyler Johnson (Buf) for Interference (Minor) at 8:55, Aaron Ekblad (L.A) for Hooking (Minor) at 18:33
3rd period
3. Kings , Auston Matthews 10 (Mikko Rantanen 17, Mitch Marner 16) at 13:02 (PP)
Penalties :
Evgeni Malkin (Buf) for Hooking (Minor) at 0:31, Colton Parayko (Buf) for Tripping (Minor) at 11:35
Goalie Stats
John Gibson (Buf), 30 saves from 32 shots - (0.938), L, 18-10-3, 59:00 minutes
Ilya Samsonov (L.A), 36 saves from 37 shots - (0.973), W, 5-8-1, 60:00 minutes
Players Stats for Sabres
Player Name G A P +/- PIM S H SB GA TA FO MP PP MP PK MP
------------------------------------------------------------------------------------
Adrian Kempe 0 0 0 -1 0 6 0 0 1 0 1/1 18:12 0:30 1:28
Ben Hutton 0 0 0 -1 0 1 0 1 0 0 0/0 12:07 0:44 0:50
Brian Ferlin 0 0 0 0 0 1 0 0 0 0 1/1 14:08 0:26 5:50
Colton Parayko 0 0 0 0 2 0 1 4 0 1 0/0 26:32 1:24 5:12
Evgeni Malkin 0 0 0 0 2 4 0 2 0 0 0/2 13:33 1:11 0:53
Hampus Lindholm 0 0 0 0 0 1 2 1 0 1 0/0 28:00 1:24 6:39
Joe Pavelski 0 0 0 0 0 2 2 0 0 0 0/0 11:28 0:00 0:00
Justin Bailey 0 0 0 0 0 0 3 1 0 0 0/0 11:40 1:12 0:29
Kyle Okposo 0 0 0 0 0 0 0 0 1 1 2/2 10:42 0:26 0:00
Logan Couture 0 0 0 0 0 1 2 1 0 1 10/19 18:35 1:12 5:50
Michael Matheson 0 0 0 0 0 2 0 1 0 0 0/0 19:35 0:00 3:11
Nate Schmidt 0 0 0 0 0 1 1 0 1 0 0/0 19:53 0:00 3:53
Nikita Zaitsev 0 0 0 -1 2 2 2 1 0 0 0/0 13:46 0:00 2:59
Robby Fabbri 0 1 1 0 0 0 1 0 1 0 0/0 8:48 0:44 0:00
Ryan Kesler 0 0 0 0 4 3 0 0 0 0 0/2 8:03 0:00 0:00
Sidney Crosby 1 0 1 -1 0 5 1 0 0 0 15/22 17:21 0:30 0:36
Tyler Johnson 0 1 1 -1 2 4 0 1 0 0 0/1 21:02 0:30 3:35
William Karlsson 0 0 0 0 0 4 1 0 1 0 3/7 15:07 0:26 4:03
Players Stats for Kings
Player Name G A P +/- PIM S H SB GA TA FO MP PP MP PK MP
------------------------------------------------------------------------------------
Aaron Ekblad 0 0 0 1 2 1 0 3 0 1 0/0 18:57 3:21 0:00
Adam Fox 0 0 0 0 2 0 1 0 1 1 0/0 19:17 3:16 0:06
Auston Matthews 1 0 1 0 0 4 0 0 0 0 7/14 18:35 6:08 0:00
Chris Tierney 0 0 0 0 0 1 3 0 0 0 2/4 15:15 0:54 0:42
Cody Eakin 0 0 0 1 0 2 1 0 0 0 5/7 9:29 0:19 0:10
Jared Cowen 0 0 0 0 0 0 0 0 2 0 0/0 18:53 0:39 1:02
Kevin Shattenkirk 0 1 1 1 0 3 0 1 0 0 0/0 24:00 7:32 1:06
Marc Staal 0 0 0 0 0 0 0 1 0 0 0/0 16:15 0:34 1:02
Matt Martin 0 0 0 1 0 0 1 0 0 0 0/0 10:37 0:00 1:37
Matthew Tkachuk 0 0 0 0 0 2 1 0 0 0 1/1 17:26 4:20 0:00
Mikko Rantanen 0 1 1 0 0 4 3 0 0 0 0/0 18:42 6:13 0:00
Mitch Marner 0 1 1 0 0 3 2 0 0 0 0/2 17:48 6:08 0:00
Nino Niederreiter 0 0 0 0 0 1 0 0 0 1 2/5 14:07 0:30 0:31
Pavel Zacha 0 0 0 0 0 0 0 0 0 1 0/0 16:16 4:20 0:00
Quinn Hughes 0 0 0 0 0 9 1 1 1 1 0/0 22:41 7:27 1:00
Sam Bennett 0 1 1 0 0 1 1 0 0 0 8/23 17:14 4:20 0:45
Sam Gagner 0 0 0 0 0 0 1 1 0 0 0/0 12:46 0:49 0:00
Zac Rinaldo 1 0 1 1 0 1 0 0 0 0 0/1 9:31 0:00 0:31
3 Stars
1 - Ilya Samsonov (L.A)
2 - Zac Rinaldo (L.A)
3 - Auston Matthews (L.A)
Power Play
Sabres - 1 on 2 Attempt(s) - 50.00%
Kings - 1 on 6 Attempt(s) - 16.67%
Penalty Kill
Sabres - 5 on 6 Attempt(s) - 83.33%
- Score 0 goal in Penalty Kill
Kings - 1 on 2 Attempt(s) - 50.00%
- Score 0 goal in Penalty Kill
Team Stat
Sabres - Hits : 16 - Faceoff Wins : 32 - Blocked Shots : 13 - Penalty Minutes : 12
Kings - Hits : 15 - Faceoff Wins : 25 - Blocked Shots : 7 - Penalty Minutes : 4
Official
Referees : Marc Joannette and Tom Chmielewski
Linesman : Bryan Pancich and Trent Knorr
Game Notes
11:07 of 1st period - Kings goal is going for a video replay. After video review, No Goal. The net was displaced accidentally.
Finance
Level 1 -- Attendance: 6000 (100.00%) -- Ticket Income $600,000
Level 2 -- Attendance: 4487 (89.74%) -- Ticket Income $269,220
Level 3 -- Attendance: 2000 (100.00%) -- Ticket Income $70,000
Level 4 -- Attendance: 4000 (100.00%) -- Ticket Income $100,000
Luxury Box -- Attendance: 987 (98.70%) -- Ticket Income $197,400
Game was played at the Staples Center.
Total Attendance: 17474 (97.08%)
Total Ticket Income: $1,236,620
Other Income: $185,493
Total Income: $1,422,113
Sabres
5 vs 5 Forward
Center Left Wing Right Wing Time % Phy DF OF
1 Sidney Crosby Adrian Kempe Tyler Johnson 35 0 1 4
2 Logan Couture Evgeni Malkin Joe Pavelski 29 1 1 3
3 William Karlsson Justin Bailey Kyle Okposo 24 1 2 2
4 Ryan Kesler Robby Fabbri Brian Ferlin 12 1 3 1
5 vs 5 Defense
Defense Defense Time % Phy DF OF
1 Hampus Lindholm Colton Parayko 40 1 2 2
2 Nate Schmidt Michael Matheson 30 1 2 2
3 Nikita Zaitsev Ben Hutton 20 1 2 2
4 Hampus Lindholm Colton Parayko 10 1 2 2
PowerPlay Forward
Center Left Wing Right Wing Time % Phy DF OF
1 Sidney Crosby Adrian Kempe Tyler Johnson 60 1 2 2
2 Logan Couture Justin Bailey Evgeni Malkin 40 1 2 2
PowerPlay Defense
Defense Defense Time % Phy DF OF
1 Hampus Lindholm Colton Parayko 60 1 2 2
2 Robby Fabbri Ben Hutton 40 1 2 2
Penalty Kill 4 Players Forward
Center Wing Time % Phy DF OF
1 Logan Couture Brian Ferlin 60 1 2 2
2 William Karlsson Tyler Johnson 40 1 2 2
Penalty Kill 4 Players Defense
Defense Defense Time % Phy DF OF
1 Hampus Lindholm Colton Parayko 60 1 2 2
2 Nate Schmidt Nikita Zaitsev 40 1 2 2
Penalty Kill - 3 Players Forward
Forward Time % Phy DF OF
1 Sidney Crosby 60 1 2 2
2 Tyler Johnson 40 1 2 2
Penalty Kill - 3 Players Defense
Defense Defense Time % Phy DF OF
1 Hampus Lindholm Colton Parayko 60 1 2 2
2 Nate Schmidt Nikita Zaitsev 40 1 2 2
4 vs 4 Forward
Center Wing Time % Phy DF OF
1 Sidney Crosby Tyler Johnson 60 1 2 2
2 Evgeni Malkin Adrian Kempe 40 1 2 2
4 vs 4 Defense
Defense Defense Time % Phy DF OF
1 Hampus Lindholm Colton Parayko 60 1 2 2
2 Nate Schmidt Michael Matheson 40 1 2 2
Last Minutes Offensive
Center Left Wing Right Wing Defense Defense
Sidney Crosby Adrian Kempe Tyler Johnson Hampus Lindholm Colton Parayko
Last Minutes Defensive
Center Left Wing Right Wing Defense Defense
William Karlsson Brian Ferlin Tyler Johnson Hampus Lindholm Colton Parayko
Goaltenders
Starting : John Gibson
Backup : Cam Talbot
Extra Forwards
Normal : Ryan Kesler, Kyle Okposo, Brian Ferlin - PP : William Karlsson, Kyle Okposo - PK : Brian Ferlin
Extra Defensemen
Normal : Nikita Zaitsev, Michael Matheson, Nate Schmidt - PP : Nikita Zaitsev - PK : Michael Matheson, Nate Schmidt
Penalty Shots
Sidney Crosby, Tyler Johnson, Evgeni Malkin, Logan Couture, Adrian Kempe
Custom OT Lines Forwards
Sidney Crosby, Tyler Johnson, Adrian Kempe, Logan Couture, Evgeni Malkin, Kyle Okposo, Joe Pavelski, William Karlsson, Robby Fabbri, Justin Bailey
Custom OT Lines Defensemen
Hampus Lindholm, Colton Parayko, Nate Schmidt, Ben Hutton, Nikita Zaitsev
Scratches
Teuvo Teravainen (Healthy)
Kings
5 vs 5 Forward
Center Left Wing Right Wing Time % Phy DF OF
1 Auston Matthews Chris Tierney Mikko Rantanen 30 1 2 2
2 Nino Niederreiter Pavel Zacha Mitch Marner 30 1 2 2
3 Sam Bennett Sam Gagner Matthew Tkachuk 30 1 2 2
4 Cody Eakin Zac Rinaldo Matt Martin 10 2 2 1
5 vs 5 Defense
Defense Defense Time % Phy DF OF
1 Kevin Shattenkirk Aaron Ekblad 35 1 2 2
2 Jared Cowen Adam Fox 35 1 2 2
3 Marc Staal Quinn Hughes 30 0 2 3
4 Quinn Hughes Jared Cowen 0 1 2 2
PowerPlay Forward
Center Left Wing Right Wing Time % Phy DF OF
1 Auston Matthews Mikko Rantanen Mitch Marner 60 0 0 5
2 Sam Bennett Pavel Zacha Matthew Tkachuk 40 0 0 5
PowerPlay Defense
Defense Defense Time % Phy DF OF
1 Quinn Hughes Kevin Shattenkirk 70 0 1 4
2 Aaron Ekblad Adam Fox 30 0 1 4
Penalty Kill 4 Players Forward
Center Wing Time % Phy DF OF
1 Chris Tierney Matt Martin 60 1 2 2
2 Nino Niederreiter Zac Rinaldo 40 1 2 2
Penalty Kill 4 Players Defense
Defense Defense Time % Phy DF OF
1 Marc Staal Jared Cowen 60 1 2 2
2 Kevin Shattenkirk Aaron Ekblad 40 1 2 2
Penalty Kill - 3 Players Forward
Forward Time % Phy DF OF
1 Chris Tierney 60 1 2 2
2 Nino Niederreiter 40 1 2 2
Penalty Kill - 3 Players Defense
Defense Defense Time % Phy DF OF
1 Marc Staal Jared Cowen 60 1 2 2
2 Kevin Shattenkirk Aaron Ekblad 40 1 2 2
4 vs 4 Forward
Center Wing Time % Phy DF OF
1 Chris Tierney Mikko Rantanen 60 1 2 2
2 Auston Matthews Nino Niederreiter 40 1 2 2
4 vs 4 Defense
Defense Defense Time % Phy DF OF
1 Aaron Ekblad Kevin Shattenkirk 60 1 2 2
2 Jared Cowen Adam Fox 40 1 2 2
Last Minutes Offensive
Center Left Wing Right Wing Defense Defense
Chris Tierney Nino Niederreiter Mitch Marner Aaron Ekblad Adam Fox
Last Minutes Defensive
Center Left Wing Right Wing Defense Defense
Chris Tierney Nino Niederreiter Matthew Tkachuk Marc Staal Jared Cowen
Goaltenders
Starting : Ilya Samsonov
Backup : Cam Ward
Extra Forwards
Normal : Sam Bennett, Chris Tierney, Auston Matthews - PP : Nino Niederreiter, Chris Tierney - PK : Sam Bennett
Extra Defensemen
Normal : Aaron Ekblad, Jared Cowen, Marc Staal - PP : Aaron Ekblad - PK : Adam Fox, Quinn Hughes
Penalty Shots
Matt Martin, Auston Matthews, Mikko Rantanen, Cody Eakin, Pavel Zacha
Custom OT Lines Forwards
Nino Niederreiter, Mikko Rantanen, Chris Tierney, Auston Matthews, Mitch Marner, Matt Martin, Sam Bennett, Sam Gagner, Pavel Zacha, Matthew Tkachuk
Custom OT Lines Defensemen
Kevin Shattenkirk, Jared Cowen, Aaron Ekblad, Marc Staal, Adam Fox
Scratches
Jared Spurgeon (Healthy)
% Time on Ice - Sabres
Lines # - Real PCT - Wanted PCT - Time Play
Normal Forward
1 - 33% - 35% - 15:10
2 - 27% - 29% - 12:07
3 - 22% - 24% - 9:59
4 - 18% - 12% - 8:04
Normal Defense
1 - 40% - 40% - 18:06
2 - 34% - 30% - 15:22
3 - 22% - 20% - 10:05
4 - 4% - 10% - 1:47
PP Forward
1 - 23% - 60% - 0:30
2 - 77% - 40% - 1:38
PP Defense
1 - 66% - 60% - 1:24
2 - 34% - 40% - 0:44
PK Forward
1 - 61% - 60% - 6:59
2 - 39% - 40% - 4:23
PK Defense
1 - 66% - 60% - 7:29
2 - 34% - 40% - 3:53
PK3 Forward
1 - 0% - 60%
2 - 0% - 40%
PK3 Defense
1 - 0% - 60%
2 - 0% - 40%
44 Forward
1 - 100% - 60% - 0:01
2 - 0% - 40% - 0:00
44 Defense
1 - 100% - 60% - 0:01
2 - 0% - 40% - 0:00
Last Minute Offensive - 1:09
Last Minute Defensive - 0:00
Total
Forward - 60:00
Defense - 60:00
|
% Time on Ice - Kings
Lines # - Real PCT - Wanted PCT - Time Play
Normal Forward
1 - 27% - 30% - 12:27
2 - 26% - 30% - 11:56
3 - 26% - 30% - 11:56
4 - 20% - 10% - 9:00
Normal Defense
1 - 35% - 35% - 15:56
2 - 35% - 35% - 15:56
3 - 28% - 30% - 12:43
4 - 2% - 0% - 0:44
PP Forward
1 - 62% - 60% - 7:02
2 - 38% - 40% - 4:20
PP Defense
1 - 71% - 70% - 8:06
2 - 29% - 30% - 3:16
PK Forward
1 - 76% - 60% - 1:37
2 - 24% - 40% - 0:31
PK Defense
1 - 48% - 60% - 1:02
2 - 52% - 40% - 1:06
PK3 Forward
1 - 0% - 60%
2 - 0% - 40%
PK3 Defense
1 - 0% - 60%
2 - 0% - 40%
44 Forward
1 - 100% - 60% - 0:01
2 - 0% - 40% - 0:00
44 Defense
1 - 100% - 60% - 0:01
2 - 0% - 40% - 0:00
Last Minute Offensive - 0:00
Last Minute Defensive - 1:10
Total
Forward - 60:00
Defense - 60:00
|
Play-by-Play
1st period
0:01 of 1st period - Sidney Crosby wins face-off versus Auston Matthews in neutral zone.
2:05 of 1st period - Wrist shot by Joe Pavelski.
2:05 of 1st period - Deflect By Evgeni Malkin.
2:05 of 1st period - Shot Misses the Net.
2:05 of 1st period - Puck is out of play.
2:06 of 1st period - Kyle Okposo wins face-off versus Cody Eakin in Kings zone.
2:13 of 1st period - Snap shot by Justin Bailey.
2:13 of 1st period - Deflect By Marc Staal.
2:13 of 1st period - Shot Misses the Net.
2:13 of 1st period - Puck is out of play.
2:14 of 1st period - Cody Eakin wins face-off versus William Karlsson in Kings zone.
2:59 of 1st period - Slapshot by Mikko Rantanen.
2:59 of 1st period - Shot Misses the Net.
3:01 of 1st period - Slapshot by Mikko Rantanen.
3:01 of 1st period - Shot Misses the Net.
3:03 of 1st period - Snap shot by Chris Tierney.
3:03 of 1st period - Shot Blocked by Colton Parayko.
4:17 of 1st period - Snap shot by Quinn Hughes.
4:17 of 1st period - Shot Misses the Net.
5:32 of 1st period - Wrist shot by Joe Pavelski.
5:32 of 1st period - Stopped by Ilya Samsonov with a rebound.
5:34 of 1st period - Snap shot by Logan Couture.
5:34 of 1st period - Stopped by Ilya Samsonov with a rebound.
5:36 of 1st period - Snap shot by Evgeni Malkin.
5:36 of 1st period - Stopped by Ilya Samsonov with a rebound.
5:38 of 1st period - Snap shot by Michael Matheson.
5:38 of 1st period - Stopped by Ilya Samsonov with a rebound.
6:13 of 1st period - Brian Ferlin is hit by Mikko Rantanen.
6:17 of 1st period - Marc Staal is hit by Robby Fabbri and loses puck.
6:34 of 1st period - Kevin Shattenkirk is hit by Hampus Lindholm and loses puck.
7:02 of 1st period - Cody Eakin is hit by Justin Bailey and loses puck.
7:58 of 1st period - Marc Staal is hit by Joe Pavelski and loses puck.
8:15 of 1st period - Ben Hutton is hit by Mitch Marner and loses puck.
8:54 of 1st period - Snap shot by Kevin Shattenkirk.
8:54 of 1st period - Shot Blocked by Nikita Zaitsev.
8:56 of 1st period - Snap shot by Zac Rinaldo.
8:56 of 1st period - Goal by Zac Rinaldo - Sabres : 0 - Kings : 1.
8:57 of 1st period - Sidney Crosby wins face-off versus Sam Bennett in neutral zone.
9:41 of 1st period - Minor Penalty to Nikita Zaitsev for Tripping.
9:42 of 1st period - Auston Matthews wins face-off versus Logan Couture in Sabres zone.
9:43 of 1st period - Snap shot by Mikko Rantanen.
9:43 of 1st period - Stopped by John Gibson without a rebound.
9:44 of 1st period - Logan Couture wins face-off versus Mitch Marner in Sabres zone.
10:07 of 1st period - Colton Parayko is hit by Mikko Rantanen.
10:11 of 1st period - Snap shot by Mikko Rantanen.
10:11 of 1st period - Shot Misses the Net.
10:13 of 1st period - Slapshot by Kevin Shattenkirk.
10:13 of 1st period - Deflect By Hampus Lindholm.
10:13 of 1st period - Stopped by John Gibson without a rebound.
10:14 of 1st period - Logan Couture wins face-off versus Sam Bennett in Sabres zone.
11:05 of 1st period - Backhand shot by Mitch Marner.
11:05 of 1st period - Stopped by John Gibson with a rebound.
11:07 of 1st period - Wrist shot by Mitch Marner.
11:07 of 1st period - Kings goal is going for a video replay.
11:07 of 1st period - The goal is refused. The net was displaced accidentally..
11:08 of 1st period - Logan Couture wins face-off versus Sam Bennett in Sabres zone.
11:13 of 1st period - Slapshot by Matthew Tkachuk.
11:13 of 1st period - Stopped by John Gibson with a rebound.
11:15 of 1st period - Wrist shot by Sam Bennett.
11:15 of 1st period - Stopped by John Gibson without a rebound.
11:16 of 1st period - Sam Bennett wins face-off versus Logan Couture in Sabres zone.
11:41 of 1st period - Penalty to Nikita Zaitsev is over, Nikita Zaitsev is back on ice.
11:53 of 1st period - Snap shot by Nikita Zaitsev.
11:53 of 1st period - Stopped by Ilya Samsonov with a rebound.
12:19 of 1st period - Icing by Tyler Johnson.
12:20 of 1st period - William Karlsson wins face-off versus Sam Bennett in Sabres zone.
12:33 of 1st period - Wrist shot by Matthew Tkachuk.
12:33 of 1st period - Stopped by John Gibson with a rebound.
12:35 of 1st period - Slapshot by Jared Cowen.
12:35 of 1st period - Shot Misses the Net.
12:53 of 1st period - Slapshot by Hampus Lindholm.
12:53 of 1st period - Deflect By Jared Cowen.
12:53 of 1st period - Stopped by Ilya Samsonov without a rebound.
12:54 of 1st period - Sam Bennett wins face-off versus Sidney Crosby in Kings zone.
13:05 of 1st period - Wrist shot by Sam Bennett.
13:05 of 1st period - Deflect By Sam Gagner.
13:05 of 1st period - Shot Blocked by Michael Matheson.
13:05 of 1st period - Puck is out of play.
13:06 of 1st period - Sidney Crosby wins face-off versus Sam Bennett in Sabres zone.
13:19 of 1st period - Snap shot by Tyler Johnson.
13:19 of 1st period - Deflect By Sidney Crosby.
13:19 of 1st period - Stopped by Ilya Samsonov without a rebound.
13:20 of 1st period - Auston Matthews wins face-off versus Sidney Crosby in Kings zone.
13:25 of 1st period - Hampus Lindholm is hit by Mikko Rantanen.
13:29 of 1st period - Slapshot by Tyler Johnson.
13:29 of 1st period - Stopped by Ilya Samsonov without a rebound.
13:30 of 1st period - Adrian Kempe wins face-off versus Auston Matthews in Kings zone.
13:53 of 1st period - Snap shot by Mikko Rantanen.
13:53 of 1st period - Stopped by John Gibson with a rebound.
13:55 of 1st period - Wrist shot by Chris Tierney.
13:55 of 1st period - Stopped by John Gibson with a rebound.
14:13 of 1st period - Wrist shot by Auston Matthews.
14:13 of 1st period - Stopped by John Gibson without a rebound.
14:14 of 1st period - Matthew Tkachuk wins face-off versus William Karlsson in Sabres zone.
14:46 of 1st period - Mitch Marner is hit by Logan Couture and loses puck.
14:59 of 1st period - Snap shot by Quinn Hughes.
14:59 of 1st period - Stopped by John Gibson without a rebound.
15:00 of 1st period - Cody Eakin wins face-off versus Ryan Kesler in Sabres zone.
15:09 of 1st period - Wrist shot by Cody Eakin.
15:09 of 1st period - Shot Misses the Net.
15:11 of 1st period - Wrist shot by Kevin Shattenkirk.
15:11 of 1st period - Shot Blocked by Colton Parayko.
15:21 of 1st period - Double Minor Penalty to Ryan Kesler for High sticking.
15:22 of 1st period - Logan Couture wins face-off versus Auston Matthews in Sabres zone.
15:31 of 1st period - Slapshot by Quinn Hughes.
15:31 of 1st period - Shot Blocked by Colton Parayko.
15:59 of 1st period - Slapshot by Quinn Hughes.
15:59 of 1st period - Stopped by John Gibson with a rebound.
16:16 of 1st period - Icing by Quinn Hughes.
16:17 of 1st period - Sam Bennett wins face-off versus Logan Couture in Kings zone.
16:36 of 1st period - Wrist shot by Quinn Hughes.
16:36 of 1st period - Shot Misses the Net.
17:10 of 1st period - Wrist shot by Quinn Hughes.
17:10 of 1st period - Stopped by John Gibson with a rebound.
17:32 of 1st period - Slapshot by Quinn Hughes.
17:32 of 1st period - Stopped by John Gibson without a rebound.
17:33 of 1st period - Auston Matthews wins face-off versus William Karlsson in Sabres zone.
17:40 of 1st period - Wrist shot by Auston Matthews.
17:40 of 1st period - Stopped by John Gibson with a rebound.
17:42 of 1st period - Snap shot by Mikko Rantanen.
17:42 of 1st period - Shot Misses the Net.
19:21 of 1st period - Penalty to Ryan Kesler is over, Ryan Kesler is back on ice.
Goals for this period are 0 for Sabres vs 1 for Kings.
Shots for this period are 8 for Sabres vs 16 for Kings.
2nd period
0:01 of 2nd period - Sidney Crosby wins face-off versus Sam Bennett in neutral zone.
0:04 of 2nd period - Wrist shot by Hampus Lindholm.
0:04 of 2nd period - Shot Blocked by Sam Gagner.
0:46 of 2nd period - Minor Penalty to Adam Fox for Holding.
0:47 of 2nd period - Sidney Crosby wins face-off versus Chris Tierney in Kings zone.
0:52 of 2nd period - Wrist shot by Tyler Johnson.
0:52 of 2nd period - Stopped by Ilya Samsonov with a rebound.
0:54 of 2nd period - Slapshot by Robby Fabbri.
0:54 of 2nd period - Shot Misses the Net.
0:56 of 2nd period - Wrist shot by Sidney Crosby.
0:56 of 2nd period - Goal by Sidney Crosby - Sabres : 1 - Kings : 1.
0:57 of 2nd period - Sidney Crosby wins face-off versus Auston Matthews in neutral zone.
1:24 of 2nd period - Matthew Tkachuk is hit by Hampus Lindholm and loses puck.
1:45 of 2nd period - Wrist shot by Quinn Hughes.
1:45 of 2nd period - Stopped by John Gibson with a rebound.
1:47 of 2nd period - Slapshot by Marc Staal.
1:47 of 2nd period - Shot Misses the Net.
1:55 of 2nd period - Wrist shot by William Karlsson.
1:55 of 2nd period - Deflect By Kyle Okposo.
1:55 of 2nd period - Shot Misses the Net.
1:55 of 2nd period - Puck is out of play.
1:56 of 2nd period - Auston Matthews wins face-off versus Sidney Crosby in Kings zone.
2:05 of 2nd period - Wrist shot by Tyler Johnson.
2:05 of 2nd period - Deflect By Adrian Kempe.
2:05 of 2nd period - Stopped by Ilya Samsonov without a rebound.
2:06 of 2nd period - Sidney Crosby wins face-off versus Auston Matthews in Kings zone.
2:07 of 2nd period - Wrist shot by Adrian Kempe.
2:07 of 2nd period - Stopped by Ilya Samsonov with a rebound.
2:09 of 2nd period - Wrist shot by Adrian Kempe.
2:09 of 2nd period - Stopped by Ilya Samsonov with a rebound.
2:33 of 2nd period - Sidney Crosby is hit by Chris Tierney and loses puck.
2:49 of 2nd period - Slapshot by Adrian Kempe.
2:49 of 2nd period - Stopped by Ilya Samsonov with a rebound.
2:51 of 2nd period - Wrist shot by Sidney Crosby.
2:51 of 2nd period - Shot Misses the Net.
2:53 of 2nd period - Snap shot by Adrian Kempe.
2:53 of 2nd period - Stopped by Ilya Samsonov with a rebound.
2:55 of 2nd period - Wrist shot by Tyler Johnson.
2:55 of 2nd period - Stopped by Ilya Samsonov with a rebound.
2:57 of 2nd period - Slapshot by Nate Schmidt.
2:57 of 2nd period - Stopped by Ilya Samsonov without a rebound.
2:58 of 2nd period - Logan Couture wins face-off versus Nino Niederreiter in Kings zone.
3:25 of 2nd period - Kyle Okposo is hit by Matthew Tkachuk and loses puck.
4:15 of 2nd period - Off-side.
4:16 of 2nd period - Kyle Okposo wins face-off versus Sam Bennett in neutral zone.
4:27 of 2nd period - Snap shot by William Karlsson.
4:27 of 2nd period - Stopped by Ilya Samsonov with a rebound.
4:29 of 2nd period - Slapshot by Justin Bailey.
4:29 of 2nd period - Shot Hit the Post.
4:31 of 2nd period - Snap shot by William Karlsson.
4:31 of 2nd period - Stopped by Ilya Samsonov without a rebound.
4:32 of 2nd period - Nino Niederreiter wins face-off versus Evgeni Malkin in Kings zone.
5:13 of 2nd period - Snap shot by Tyler Johnson.
5:13 of 2nd period - Shot Misses the Net.
5:44 of 2nd period - Nate Schmidt is hit by Mitch Marner and loses puck.
5:51 of 2nd period - Slapshot by Nino Niederreiter.
5:51 of 2nd period - Stopped by John Gibson with a rebound.
5:53 of 2nd period - Slapshot by Quinn Hughes.
5:53 of 2nd period - Stopped by John Gibson with a rebound.
6:00 of 2nd period - Icing by Ryan Kesler.
6:01 of 2nd period - Cody Eakin wins face-off versus Logan Couture in Sabres zone.
6:12 of 2nd period - Snap shot by Evgeni Malkin.
6:12 of 2nd period - Stopped by Ilya Samsonov with a rebound.
6:14 of 2nd period - Slapshot by Evgeni Malkin.
6:14 of 2nd period - Stopped by Ilya Samsonov with a rebound.
6:16 of 2nd period - Snap shot by Joe Pavelski.
6:16 of 2nd period - Stopped by Ilya Samsonov with a rebound.
6:18 of 2nd period - Wrist shot by Michael Matheson.
6:18 of 2nd period - Stopped by Ilya Samsonov with a rebound.
6:41 of 2nd period - Wrist shot by Kevin Shattenkirk.
6:41 of 2nd period - Stopped by John Gibson without a rebound.
6:42 of 2nd period - Nino Niederreiter wins face-off versus Logan Couture in Sabres zone.
7:13 of 2nd period - Wrist shot by William Karlsson.
7:13 of 2nd period - Shot Misses the Net.
7:15 of 2nd period - Slapshot by Hampus Lindholm.
7:15 of 2nd period - Deflect By William Karlsson.
7:15 of 2nd period - Shot Blocked by Quinn Hughes.
7:15 of 2nd period - Puck is out of play.
7:16 of 2nd period - Sam Bennett wins face-off versus William Karlsson in Kings zone.
7:16 of 2nd period - Sam Bennett is hit by Justin Bailey.
8:33 of 2nd period - Slapshot by Aaron Ekblad.
8:33 of 2nd period - Stopped by John Gibson without a rebound.
8:34 of 2nd period - Sam Bennett wins face-off versus Sidney Crosby in Sabres zone.
8:55 of 2nd period - Minor Penalty to Tyler Johnson for Interference.
8:56 of 2nd period - Auston Matthews wins face-off versus Logan Couture in Sabres zone.
9:57 of 2nd period - Mitch Marner is hit by Nikita Zaitsev and loses puck.
10:55 of 2nd period - Penalty to Tyler Johnson is over, Tyler Johnson is back on ice.
12:05 of 2nd period - Hampus Lindholm is hit by Cody Eakin and loses puck.
12:25 of 2nd period - Jared Cowen is hit by Sidney Crosby and loses puck.
12:49 of 2nd period - Mitch Marner is hit by Logan Couture and loses puck.
13:32 of 2nd period - Michael Matheson is hit by Chris Tierney and loses puck.
14:02 of 2nd period - Hampus Lindholm is hit by Sam Gagner and loses puck.
15:02 of 2nd period - Slapshot by Ben Hutton.
15:02 of 2nd period - Stopped by Ilya Samsonov with a rebound.
15:04 of 2nd period - Slapshot by Nikita Zaitsev.
15:04 of 2nd period - Deflect By Brian Ferlin.
15:04 of 2nd period - Shot Misses the Net.
15:04 of 2nd period - Puck is out of play.
15:05 of 2nd period - Cody Eakin wins face-off versus Ryan Kesler in Kings zone.
15:28 of 2nd period - Slapshot by Sam Gagner.
15:28 of 2nd period - Shot Misses the Net.
15:30 of 2nd period - Wrist shot by Matthew Tkachuk.
15:30 of 2nd period - Shot Blocked by Colton Parayko.
16:00 of 2nd period - Snap shot by Nino Niederreiter.
16:00 of 2nd period - Shot Misses the Net.
16:02 of 2nd period - Wrist shot by Pavel Zacha.
16:02 of 2nd period - Shot Blocked by Justin Bailey.
16:11 of 2nd period - Off-side.
16:12 of 2nd period - Sidney Crosby wins face-off versus Auston Matthews in neutral zone.
16:30 of 2nd period - Mikko Rantanen is hit by Nate Schmidt and loses puck.
17:16 of 2nd period - Snap shot by Sidney Crosby.
17:16 of 2nd period - Stopped by Ilya Samsonov with a rebound.
17:18 of 2nd period - Snap shot by Adrian Kempe.
17:18 of 2nd period - Shot Misses the Net.
18:20 of 2nd period - Slapshot by Sidney Crosby.
18:20 of 2nd period - Shot Misses the Net.
18:22 of 2nd period - Slapshot by Nikita Zaitsev.
18:22 of 2nd period - Stopped by Ilya Samsonov with a rebound.
18:24 of 2nd period - Slapshot by Adrian Kempe.
18:24 of 2nd period - Shot Misses the Net.
18:26 of 2nd period - Slapshot by Sidney Crosby.
18:26 of 2nd period - Stopped by Ilya Samsonov without a rebound.
18:27 of 2nd period - Logan Couture wins face-off versus Sam Bennett in Kings zone.
18:28 of 2nd period - Snap shot by Evgeni Malkin.
18:28 of 2nd period - Stopped by Ilya Samsonov with a rebound.
18:33 of 2nd period - Minor Penalty to Aaron Ekblad for Hooking.
18:34 of 2nd period - Logan Couture wins face-off versus Nino Niederreiter in Kings zone.
19:33 of 2nd period - Snap shot by William Karlsson.
19:33 of 2nd period - Stopped by Ilya Samsonov without a rebound.
19:34 of 2nd period - Logan Couture wins face-off versus Sam Bennett in Kings zone.
Goals for this period are 1 for Sabres vs 0 for Kings.
Shots for this period are 21 for Sabres vs 5 for Kings.
3rd period
0:01 of 3rd period - Sidney Crosby wins face-off versus Chris Tierney in neutral zone.
0:16 of 3rd period - Snap shot by Tyler Johnson.
0:16 of 3rd period - Shot Misses the Net.
0:31 of 3rd period - Minor Penalty to Evgeni Malkin for Hooking.
0:32 of 3rd period - Chris Tierney wins face-off versus Tyler Johnson in Sabres zone.
0:33 of 3rd period - Penalty to Aaron Ekblad is over, Aaron Ekblad is back on ice.
0:37 of 3rd period - Wrist shot by Mikko Rantanen.
0:37 of 3rd period - Stopped by John Gibson without a rebound.
0:38 of 3rd period - Auston Matthews wins face-off versus Sidney Crosby in Sabres zone.
0:55 of 3rd period - Slapshot by Kevin Shattenkirk.
0:55 of 3rd period - Stopped by John Gibson without a rebound.
0:56 of 3rd period - Sam Bennett wins face-off versus Logan Couture in Sabres zone.
1:48 of 3rd period - Matthew Tkachuk is hit by Nikita Zaitsev and loses puck.
2:31 of 3rd period - Penalty to Evgeni Malkin is over, Evgeni Malkin is back on ice.
3:31 of 3rd period - Snap shot by William Karlsson.
3:31 of 3rd period - Stopped by Ilya Samsonov without a rebound.
3:32 of 3rd period - William Karlsson wins face-off versus Nino Niederreiter in Kings zone.
3:44 of 3rd period - Off-side.
3:45 of 3rd period - Sidney Crosby wins face-off versus Sam Bennett in neutral zone.
4:18 of 3rd period - Slapshot by Hampus Lindholm.
4:18 of 3rd period - Shot Blocked by Aaron Ekblad.
4:46 of 3rd period - Snap shot by Hampus Lindholm.
4:46 of 3rd period - Shot Misses the Net.
5:02 of 3rd period - Slapshot by Quinn Hughes.
5:02 of 3rd period - Shot Blocked by Ben Hutton.
5:04 of 3rd period - Snap shot by Cody Eakin.
5:04 of 3rd period - Stopped by John Gibson without a rebound.
5:05 of 3rd period - Cody Eakin wins face-off versus Evgeni Malkin in Sabres zone.
5:06 of 3rd period - Wrist shot by Matt Martin.
5:06 of 3rd period - Shot Misses the Net.
5:08 of 3rd period - Snap shot by Cody Eakin.
5:08 of 3rd period - Stopped by John Gibson without a rebound.
5:09 of 3rd period - Logan Couture wins face-off versus Sam Bennett in Sabres zone.
5:09 of 3rd period - Logan Couture is hit by Adam Fox.
5:45 of 3rd period - Slapshot by Sidney Crosby.
5:45 of 3rd period - Stopped by Ilya Samsonov with a rebound.
5:49 of 3rd period - Wrist shot by Adrian Kempe.
5:49 of 3rd period - Stopped by Ilya Samsonov without a rebound.
5:50 of 3rd period - William Karlsson wins face-off versus Sam Bennett in Kings zone.
5:59 of 3rd period - William Karlsson is hit by Sam Bennett and loses puck.
6:57 of 3rd period - Joe Pavelski is hit by Chris Tierney and loses puck.
7:06 of 3rd period - Slapshot by Auston Matthews.
7:06 of 3rd period - Shot Misses the Net.
7:08 of 3rd period - Slapshot by Adam Fox.
7:08 of 3rd period - Shot Blocked by Logan Couture.
7:10 of 3rd period - Slapshot by Jared Cowen.
7:10 of 3rd period - Deflect By Auston Matthews.
7:10 of 3rd period - Stopped by John Gibson without a rebound.
7:11 of 3rd period - Sidney Crosby wins face-off versus Sam Bennett in Sabres zone.
7:38 of 3rd period - Wrist shot by Brian Ferlin.
7:38 of 3rd period - Stopped by Ilya Samsonov with a rebound.
7:40 of 3rd period - Snap shot by Ryan Kesler.
7:40 of 3rd period - Stopped by Ilya Samsonov without a rebound.
7:41 of 3rd period - Brian Ferlin wins face-off versus Mitch Marner in Kings zone.
7:42 of 3rd period - Snap shot by Robby Fabbri.
7:42 of 3rd period - Shot Blocked by Kevin Shattenkirk.
8:25 of 3rd period - Icing by Auston Matthews.
8:26 of 3rd period - Sidney Crosby wins face-off versus Auston Matthews in Kings zone.
8:35 of 3rd period - Slapshot by Quinn Hughes.
8:35 of 3rd period - Stopped by John Gibson without a rebound.
8:36 of 3rd period - Sidney Crosby wins face-off versus Sam Bennett in Sabres zone.
9:09 of 3rd period - Slapshot by Aaron Ekblad.
9:09 of 3rd period - Deflect By Mitch Marner.
9:09 of 3rd period - Shot Blocked by Tyler Johnson.
9:09 of 3rd period - Puck is out of play.
9:10 of 3rd period - Logan Couture wins face-off versus Sam Bennett in Sabres zone.
9:10 of 3rd period - Logan Couture is hit by Quinn Hughes.
9:16 of 3rd period - Matthew Tkachuk is hit by Joe Pavelski and loses puck.
9:35 of 3rd period - Pavel Zacha is hit by William Karlsson and loses puck.
10:22 of 3rd period - Snap shot by Sidney Crosby.
10:22 of 3rd period - Shot Blocked by Aaron Ekblad.
11:32 of 3rd period - Slapshot by Quinn Hughes.
11:32 of 3rd period - Stopped by John Gibson without a rebound.
11:33 of 3rd period - Sidney Crosby wins face-off versus Cody Eakin in Sabres zone.
11:35 of 3rd period - Minor Penalty to Colton Parayko for Tripping.
11:36 of 3rd period - Auston Matthews wins face-off versus Logan Couture in Sabres zone.
12:08 of 3rd period - Slapshot by Quinn Hughes.
12:08 of 3rd period - Deflect By Michael Matheson.
12:08 of 3rd period - Stopped by John Gibson with a rebound.
12:10 of 3rd period - Slapshot by Quinn Hughes.
12:10 of 3rd period - Shot Misses the Net.
12:28 of 3rd period - Snap shot by Mikko Rantanen.
12:28 of 3rd period - Shot Blocked by Hampus Lindholm.
12:30 of 3rd period - Snap shot by Mitch Marner.
12:30 of 3rd period - Shot Misses the Net.
13:00 of 3rd period - Slapshot by Mikko Rantanen.
13:00 of 3rd period - Stopped by John Gibson with a rebound.
13:02 of 3rd period - Snap shot by Auston Matthews.
13:02 of 3rd period - Goal by Auston Matthews - Sabres : 1 - Kings : 2.
13:03 of 3rd period - Sam Bennett wins face-off versus Logan Couture in neutral zone.
14:01 of 3rd period - Wrist shot by Brian Ferlin.
14:01 of 3rd period - Shot Misses the Net.
14:03 of 3rd period - Slapshot by Ryan Kesler.
14:03 of 3rd period - Shot Misses the Net.
14:05 of 3rd period - Slapshot by Ryan Kesler.
14:05 of 3rd period - Stopped by Ilya Samsonov with a rebound.
14:07 of 3rd period - Snap shot by Robby Fabbri.
14:07 of 3rd period - Shot Misses the Net.
14:09 of 3rd period - Snap shot by Ryan Kesler.
14:09 of 3rd period - Stopped by Ilya Samsonov without a rebound.
14:10 of 3rd period - Sidney Crosby wins face-off versus Zac Rinaldo in Kings zone.
14:42 of 3rd period - Wrist shot by Pavel Zacha.
14:42 of 3rd period - Shot Blocked by Evgeni Malkin.
14:44 of 3rd period - Slapshot by Kevin Shattenkirk.
14:44 of 3rd period - Shot Blocked by Evgeni Malkin.
15:04 of 3rd period - Slapshot by Quinn Hughes.
15:04 of 3rd period - Shot Misses the Net.
15:56 of 3rd period - Nate Schmidt is hit by Matt Martin and loses puck.
16:36 of 3rd period - Marc Staal is hit by Justin Bailey and loses puck.
17:03 of 3rd period - Snap shot by Pavel Zacha.
17:03 of 3rd period - Shot Misses the Net.
17:05 of 3rd period - Slapshot by Mitch Marner.
17:05 of 3rd period - Stopped by John Gibson with a rebound.
17:25 of 3rd period - Wrist shot by Tyler Johnson.
17:25 of 3rd period - Stopped by Ilya Samsonov without a rebound.
17:26 of 3rd period - Sam Bennett wins face-off versus Sidney Crosby in Kings zone.
17:39 of 3rd period - Kevin Shattenkirk is hit by Colton Parayko and loses puck.
17:58 of 3rd period - Snap shot by Kyle Okposo.
17:58 of 3rd period - Shot Blocked by Aaron Ekblad.
19:00 of 3rd period - Sabres, John Gibson is pulled from the net.
19:23 of 3rd period - Snap shot by Sidney Crosby.
19:23 of 3rd period - Shot Blocked by Marc Staal.
19:28 of 3rd period - Off-side.
19:29 of 3rd period - Randy Carlyle call a timeout for Sabres.
19:29 of 3rd period - Chris Tierney wins face-off versus Sidney Crosby in neutral zone.
Goals for this period are 0 for Sabres vs 1 for Kings.
Shots for this period are 8 for Sabres vs 11 for Kings.